[Event "2nd Late Dr Abul K C Chess-ch A 2022"]
[Site "Dhaka"]
[Date "2022.07.04"]
[Round "3.1"]
[White "Masum, Hossain"]
[Black "Mohammad Fahad, Rahman"]
[Result "0-1"]
[ECO "D35"]
[WhiteElo "2100"]
[BlackElo "2396"]
[Annotator "TA"]
[PlyCount "126"]
[EventDate "2022.07.03"]
[EventCountry "BAN"]
[SourceTitle "playchess.com"]
[Source "ChessBase"]
[SourceQuality "1"]
[TimeControl "5400+30"]

1. d4 d5 2. c4 c6 3. Nf3 Nf6 4. Nc3 e6 5. Bg5 Nbd7 6. cxd5 exd5 7. e3 h6 {[%emt 0:00:53] D35: Queen's Gambit Declined: Exchange Variation.} 8. Bh4 g5 9. Bg3 Nh5 {[%emt 0:00:10] White has an edge.} 10. Be5 Nxe5 11. Nxe5 Nf6 12. Bd3 {[%emt 0:00:01] [#]} Qb6 $146 ({Predecessor:} 12... Be6 13. O-O Bd6 14. f4 Qe7 15. Rc1 Rg8 16. Qf3 Bxe5 17. dxe5 Nd7 18. Ne2 gxf4 19. exf4 {½-½ (79) Gozzoli,Y (2600)-Sjugirov,S (2675) chess24.com INT 2020}) 13. O-O Bd6 14. f4 gxf4 (14... Qxb2 15. Qe1 (15. Na4 Qa3 $11) 15... Bb4 16. fxg5 Qxc3 17. Qf2 $16) 15. Na4 {[%emt 0:00:01] Pair of Knights!} Qc7 16. Rxf4 (16. exf4 $16 Rg8 17. Kh1) 16... Qe7 $11 17. Qf3 Bxe5 18. dxe5 Nd7 $132 {[%emt 0:00:01][%mdl 2048] Black is not keeping still} 19. e6 Qxe6 20. Bf5 Qe7 (20... Ne5 $2 21. Qh3 Qe7 22. Bxc8 $18) 21. Rf1 Ne5 22. Qh5 Rg8 23. Bxc8 Rxc8 24. Rf5 Rg5 25. Qxh6 Rxf5 {[%emt 0:01:44] Dancing on a razor blade.} 26. Rf2 $2 (26. Rxf5 $11 Ng6 27. Qh3) 26... Rf4 $2 27. Rxf4 Ng4 $2 28. Rf5 $4 Kd7 $2 {[%emt 0:00:07] [#]} (28... Nxh6 $19 29. Rf3 Qh4) 29. Qh3 (29. Qf4 $6 Qxe3+ 30. Qxe3 Nxe3 31. Rxf7+ Kd6 $11) (29. Nc5+ $1 $14 Kd8 30. Nxb7+ $1 Kd7 31. Nc5+ $1 Kd8 32. Qh8+ Kc7 33. Qd4 Qxe3+ 34. Qxe3 Nxe3 35. Rxf7+ Kd6 36. b4) 29... Rg8 $15 30. Rf4 ({Better is} 30. Rf3 $1 $15 f6 31. Nc3) 30... Qxe3+ $19 31. Qxe3 Nxe3 32. Rxf7+ {[%emt 0:00:00][%mdl 4096] Endgame KRN-KRN} (32. Nc5+ {keeps fighting.} Ke7 33. g3) 32... Ke6 33. Rf2 d4 34. Nc5+ Kd5 35. Nxb7 d3 $2 (35... c5 $19 {White must now prevent ...c4.} 36. g3 c4) 36. g3 $2 (36. Rd2 $17 Rxg2+ 37. Rxg2 Nxg2 38. Kf2 (38. Kxg2 $2 d2 $19)) 36... Ng4 $2 (36... c5 $19 37. b3 Rb8) 37. Rf7 $2 (37. Rf5+ $1 $15 Kd4 38. Rf4+ Ke3 39. Nd6) 37... Ne5 38. Rf6 Nc4 {[%emt 0:00:29][%mdl 1024] Against Rd6+. Black has strong compensation.} 39. b3 Ke5 $1 40. Rf3 ({Not} 40. Rxc6 $2 d2 41. Kf2 d1=Q $1 $19) 40... d2 $1 41. Rd3 {[%emt 0:00:00] And now Kf2 would win.} Rg4 $1 {[%emt 0:00:01] Threatens to win with ...Rd4.} 42. Nd6 Nxd6 43. Rxd2 $17 {[%emt 0:00:01] KRN-KR} a5 44. Rc2 Kd5 45. Kf2 a4 46. Kf3 $2 {[%emt 0:00:11] [#]} (46. Rd2+ $17 {might work better.} Ke6 47. Re2+ Kd7 48. h4) 46... axb3 $1 $19 47. axb3 Rb4 48. Rc3 Ne4 49. Rd3+ {[%emt 0:00:01] [#]} Ke5 $1 {[%emt 0:00:01][%cal Ob4b3] ( -> ...Rxb3!)} 50. Re3 {[%emt 0:00:06] [#]} (50. Kg2 $19) 50... Rxb3 $3 {[%emt 0:00:12][%mdl 512] Black mates.} 51. Rxb3 {[%emt 0:01:05] KR-KN} Nd2+ 52. Ke3 Nxb3 {[%emt 0:00:01] KN-KPP} 53. g4 Nd4 54. h4 Ne6 55. Kd3 Kd5 56. Kc3 c5 57. h5 c4 58. h6 Ng5 59. Kd2 Kd4 60. Kc2 c3 61. Kc1 Kd3 62. Kd1 c2+ 63. Kc1 Nh7 {[%emt 0:00:00] Weighted Error Value: White=0.79/Black=0.62} 0-1

[Event "2nd Late Dr Abul K C Chess-ch A 2022"]
[Site "Dhaka"]
[Date "2022.07.04"]
[Round "3.2"]
[White "Subrota, Biswas"]
[Black "Manon, Reja Neer"]
[Result "1-0"]
[ECO "E18"]
[WhiteElo "2253"]
[BlackElo "2089"]
[Annotator "TA"]
[PlyCount "53"]
[EventDate "2022.07.03"]
[EventCountry "BAN"]
[SourceTitle "playchess.com"]
[Source "ChessBase"]
[SourceQuality "1"]
[TimeControl "5400+30"]

1. d4 Nf6 2. c4 e6 3. Nf3 d5 4. g3 Be7 5. Bg2 O-O 6. O-O b6 7. cxd5 exd5 8. Nc3 Bb7 9. Bf4 Bd6 {[%emt 0:12:44] E18: Queen's Indian: Old Main Line (4 g3 Bb7 5 Bg2 Be7 6 0-0 0-0 7 Nc3).} 10. Bg5 h6 (10... Nbd7 $11) 11. Bxf6 $16 Qxf6 {[%emt 0:00:01] White is better.} 12. Nh4 g5 13. Nf3 ({Not} 13. Bxd5 Bxd5 14. Nxd5 Qe6 $17) (13. e4 $5 Bb4 14. Qg4 $14 (14. e5 Qe6 $11)) 13... Nd7 14. Qb3 Qf5 {[%emt 0:08:09] [#]} 15. Nd2 $146 ({Predecessor:} 15. Ne1 Nf6 16. Nc2 Qe6 17. Rac1 Rfe8 18. Ne3 c6 19. Qc2 Bc8 20. a3 Bd7 21. b4 b5 22. Qb3 {0-1 (74) Bielmeier,L (2095)-Heyne,M (2045) Bayern 2000}) 15... Nf6 16. f3 (16. Rfe1 $11) 16... c5 $15 17. e4 Qd7 18. Nxd5 Nxd5 19. exd5 cxd4 20. f4 Rad8 (20... Rae8 $11 {feels stronger.}) 21. fxg5 $14 hxg5 (21... Be7 $14) 22. Ne4 $18 {[%emt 0:00:16] Black must now prevent Nf6+.} Qe7 {[%emt 0:07:18] [#]} (22... f5) 23. Rae1 (23. Nf6+ $142 $1 Kh8 24. Rae1) 23... Kg7 $2 (23... f5 {is a better chance.} 24. Nxd6 Qxd6) 24. Nc5 Qc7 {[%emt 0:00:52] [#]} (24... Qxe1 25. Rxe1 Bxc5) 25. Qf3 $1 {[%emt 0:00:06] Intending Qf6+ and mate. White is clearly winning.} Be7 {[%emt 0:03:03] Inhibits Qf6+.} 26. Nxb7 Qxb7 27. Qf5 {[%emt 0:00:53] Weighted Error Value: White=0.30/Black=0.75} 1-0

[Event "2nd Late Dr Abul K C Chess-ch A 2022"]
[Site "Dhaka"]
[Date "2022.07.04"]
[Round "3.3"]
[White "Rahman, Ziaur"]
[Black "Islam, Khandaker Aminul"]
[Result "1-0"]
[ECO "A05"]
[WhiteElo "2424"]
[BlackElo "2182"]
[Annotator "TA"]
[PlyCount "60"]
[EventDate "2022.07.03"]
[EventCountry "BAN"]
[SourceTitle "playchess.com"]
[Source "ChessBase"]
[SourceQuality "1"]
[TimeControl "5400+30"]

1. Nf3 Nf6 2. b3 c5 3. Bb2 e6 4. e3 Be7 5. d4 cxd4 6. exd4 {[%emt 0:00:26] A05: Réti Opening: 1 Nf3 Nf6.} d5 7. Bd3 Qa5+ 8. c3 {[%emt 0:01:00] White is slightly better.} Nc6 9. O-O O-O 10. Nbd2 {[%emt 0:00:32] [#]} Bd7 $146 ({Predecessor:} 10... g6 11. Re1 Bd7 12. Ne5 Nxe5 13. dxe5 Nh5 14. g3 Rac8 15. Qe2 b5 16. Nf3 a6 {0-1 (40) Filatov,L (2293)-Short,N (2683) ICC INT 2000}) 11. Ne5 Be8 12. f4 Qb6 13. Kh1 {[%emt 0:01:02] White is more active.} Nd7 14. Ndf3 f5 15. Qe2 Ncxe5 16. fxe5 {[%emt 0:00:55] Black is on the road to losing.} Nb8 17. Bc1 Nc6 (17... Bh5 $14) 18. Ng5 Nd8 19. Nh3 a5 (19... a6 $16 20. Bd2 Bb5) 20. Bd2 a4 21. b4 Rc8 {[%emt 0:07:27] [#]} (21... h5 $142 22. Rac1 Rb8) 22. g4 $1 $18 fxg4 $2 (22... f4 {was worth a try.} 23. Nxf4 (23. Rxf4 Rf7 $18) 23... Rf7) 23. Qxg4 g6 24. Nf4 Rf5 25. Bxf5 exf5 26. Qg2 Qb5 $2 (26... Ne6 27. Nxd5 Qd8 28. Nxe7+ Qxe7) 27. Nxd5 {[%emt 0:04:11] White is clearly winning.} Bh4 {[%emt 0:00:03] [#] And now ...Bc6 would win.} 28. Ne3 Ne6 29. d5 Qd3 30. Nxf5 ({Not} 30. dxe6 Bc6 31. Rf3 f4 $16) 30... Rc4 {[%emt 0:00:02] Weighted Error Value: White=0.15 (very precise) /Black=0.39} 1-0

[Event "2nd Late Dr Abul K C Chess-ch A 2022"]
[Site "Dhaka"]
[Date "2022.07.04"]
[Round "3.4"]
[White "Zia, Tahsin Tajwar"]
[Black "Nayem, Haque"]
[Result "1-0"]
[ECO "E20"]
[WhiteElo "2307"]
[BlackElo "2184"]
[Annotator "TA"]
[PlyCount "105"]
[EventDate "2022.07.03"]
[EventCountry "BAN"]
[SourceTitle "playchess.com"]
[Source "ChessBase"]
[SourceQuality "1"]
[TimeControl "5400+30"]

1. d4 Nf6 2. c4 e6 3. Nf3 d5 4. g3 Bb4+ 5. Nc3 O-O 6. Bg2 dxc4 7. O-O Nc6 8. Qa4 {[%emt 0:00:14] E20: Nimzo-Indian: 4 g3 and 4 f3.} Nd5 9. Qc2 Be7 10. Rd1 $1 {[%emt 0:00:53] The position is equal.} Ncb4 11. Qb1 Nxc3 12. bxc3 Nd5 $36 {[%emt 0:00:10][%mdl 2048] [#] Black fights for an advantage.} 13. Bd2 $146 ({Predecessor:} 13. Qc2 Nb6 14. a4 a5 15. Re1 c5 16. Rd1 Qe8 17. Bg5 cxd4 18. Bxe7 Qxe7 19. cxd4 Qc7 20. Ng5 g6 21. Ne4 Rd8 22. Nc3 Bd7 23. h4 Be8 {½-½ (23) Salzmann,S (2380)-Yeo,G (2444) ICCF email 2019}) 13... Nb6 14. h4 h6 (14... f6 $15) 15. Ne5 Rb8 (15... Ba3 $11) 16. e4 (16. a4 $1 $14) 16... Bd7 $15 17. Qc1 Be8 18. Bh3 f5 ({Black should try} 18... Bd6 $17) 19. d5 (19. a4 $11) 19... Qd6 $2 ({Black should play} 19... Bd6 $17 20. f4 exd5 21. exf5 Bd7 22. Nxd7 Nxd7) 20. Bf4 $14 {[%emt 0:00:42][%cal Oe5c6] Black must now prevent Nc6!} Qa3 {[%emt 0:00:20] White stays focused until the end.} (20... fxe4 21. Bxe6+ (21. Ng6 Rxf4 22. Nxe7+ Qxe7 $15) 21... Kh7 22. Qc2 $16) (20... exd5 $11 {keeps the balance.} 21. Nxc4 Qc6 22. Nxb6 axb6 23. exd5 Qc5) 21. Qxa3 $16 Bxa3 22. dxe6 {[%emt 0:03:03][%cal Bd5e6,Be6d7][%mdl 32] Nd7 is the strong threat. White is more active.} fxe4 (22... Ba4 $16) 23. Nd7 $18 Bxd7 24. exd7 Rxf4 25. gxf4 Bd6 (25... Rd8 $142 26. Rd4 Bc5) 26. Rd4 Rd8 27. Rad1 ({But not} 27. Rxe4 $6 Nxd7 28. Be6+ (28. Rxc4 Nc5 $16) 28... Kh8 $16) 27... Kf8 28. Rxe4 Nxd7 29. Rxc4 Nf6 30. Kg2 Re8 31. Kf3 {[%emt 0:00:26] Against Re2} Re7 32. Bf5 Kf7 {[%emt 0:04:27] [#]} (32... b6 $16 33. Rcd4 Kg8) 33. Ra4 $1 g6 34. Bc2 ({Not} 34. Rxa7 gxf5 35. Rxb7 Ne4 $11) ({Don't do} 34. Bc8 $6 b6 35. Rxa7 Ne4 $18) 34... a6 35. Rg1 Nd7 36. Rxg6 Re1 37. h5 Nc5 38. Rd4 Rh1 (38... Re6 $142 39. f5 Rf6) 39. Rd5 Rh3+ 40. Rg3 Rh1 41. Rf5+ Ke7 42. Rg7+ Ke6 43. Rg6+ Ke7 44. Bb3 {[%emt 0:02:14] White threatens Rf7+ and mate.} Nxb3 45. axb3 {[%emt 0:00:01][%mdl 4096] Endgame KRR-KRB} Rh3+ 46. Kg2 Rxc3 47. Rxh6 {[%emt 0:00:02] aiming for Rhf6.} Rxb3 48. Rhf6 {[%emt 0:00:49] Threatening mate with h6.} Ba3 49. h6 {[%emt 0:00:39] White mates.} Bb2 50. h7 Bxf6 {[%emt 0:00:06] [#]} 51. Rxf6 $1 {[%emt 0:00:03][%mdl 576] Remove Defender, Promotion} Kxf6 52. h8=Q+ Ke7 53. Qe5+ {[%emt 0:00:16] Weighted Error Value: White=0.19 (very precise) /Black=0.41} 1-0

[Event "2nd Late Dr Abul K C Chess-ch A 2022"]
[Site "Dhaka"]
[Date "2022.07.05"]
[Round "4.4"]
[White "Mehdi Hasan Parag"]
[Black "Shawket Bin, Osman Shaon"]
[Result "0-1"]
[ECO "C54"]
[WhiteElo "2227"]
[BlackElo "2053"]
[Annotator "TA"]
[PlyCount "62"]
[EventDate "2022.07.03"]
[EventCountry "BAN"]
[SourceTitle "playchess.com"]
[Source "ChessBase"]
[SourceQuality "1"]
[TimeControl "5400+30"]

1. e4 e5 2. Nf3 Nc6 3. Bc4 Bc5 4. O-O Nf6 5. d3 d6 6. c3 O-O 7. h3 h6 8. Re1 a6 {[%emt 0:00:35] C54: Giuoco Piano: 4 c3 Nf6, main lines with 5 d4 and 5 d3.} 9. a4 Ba7 10. Nbd2 Ne7 {[%emt 0:07:54] The position is equal.} 11. d4 Ng6 (11... Nc6 $5 ) 12. Nf1 exd4 13. cxd4 {[%emt 0:02:38] [#]} (13. Nxd4 $11 Nxe4 14. Rxe4) 13... d5 (13... Nxe4 $1 $15 14. Qb3 (14. Rxe4 d5 $17) (14. Bxf7+ Rxf7) 14... Ng5 15. Nxg5 hxg5) 14. exd5 $11 Nxd5 15. Ng3 c6 {[%emt 0:01:49] [#]} 16. a5 $146 ({Predecessor:} 16. Qb3 Rb8 17. a5 Be6 18. Bd2 Re8 19. Qc2 Ndf4 20. Rad1 Bxc4 21. Qxc4 Qd5 22. Qxd5 Nxd5 {0-1 (50) Sethuraman,S (2624)-Quesada Perez,Y (2582) chess24.com INT 2019}) 16... Be6 17. Qb3 Qc7 18. Bd2 Rad8 19. Re4 Ndf4 20. Bxe6 Nxe6 21. Bb4 Rfe8 22. Rae1 Rd5 23. Ne5 ({White should try} 23. Qc2 $15 Qd7 24. Bc3) 23... Nxd4 24. Nxg6 Rxe4 {[%emt 0:00:09] The board is on fire.} (24... Nxb3 $2 25. Rxe8+ Kh7 26. Nf8+ Kh8 27. Ne6+ Kh7 28. Nxc7 $18) 25. Rxe4 fxg6 (25... Nxb3 $2 26. Re8+ Kh7 27. Nf8+ Kh8 28. Ne6+ Kh7 29. Nxc7 $18) 26. Qe3 Kh7 27. Bc3 $2 {[%emt 0:05:19] [#] This move loses the game for White.} (27. Re7 $17 Rd7 28. Rxd7 Qxd7 29. Ne4) 27... Nb5 $19 28. Qf3 {[%emt 0:03:35] Against Rd1+} Nxc3 29. bxc3 Rd2 30. Re2 Rxe2 31. Qxe2 (31. Nxe2 Qxa5 32. g3) 31... Qxg3 {[%emt 0:00:19] Weighted Error Value: White=0.55/Black=0.07 (flawless)} 0-1

[Event "2nd Late Dr Abul K C Chess-ch A 2022"]
[Site "Dhaka"]
[Date "2022.07.05"]
[Round "4.5"]
[White "Ghosh, Chanchal Kumer"]
[Black "Masum, Hossain"]
[Result "0-1"]
[ECO "C15"]
[WhiteElo "2047"]
[BlackElo "2100"]
[Annotator "TA"]
[PlyCount "63"]
[EventDate "2022.07.03"]
[EventCountry "BAN"]
[SourceTitle "playchess.com"]
[Source "ChessBase"]
[SourceQuality "1"]
[TimeControl "5400+30"]

1. e4 e6 2. d4 d5 3. Nc3 Bb4 4. Bd3 Nf6 5. e5 Nfd7 ({Not} 5... Ne4 6. Qg4 $16) 6. Qg4 {[%emt 0:01:10] C15: French: 3 Nc3 Bb4: Unusual White 4th moves.} g6 7. Bg5 Be7 8. Nf3 {[%emt 0:05:40] [#] White is better.} b6 $146 ({Predecessor:} 8... a6 9. h4 h5 10. Qf4 Nc6 11. Bh6 Nb4 12. Ng5 Nxd3+ 13. cxd3 Nf6 14. Bg7 Rg8 15. Bxf6 Bxf6 16. Qxf6 Qxf6 17. exf6 {1-0 (35) Bielik,J (1644)-Puskar,D (1761) Banska Bystrica 2016}) 9. h4 h5 10. Qf4 Ba6 11. Nb5 Bxb5 12. Bxb5 c5 {[%emt 0:00:05] [#]} (12... a6 $16 13. Bd3 c5) 13. Bh6 $2 (13. c4 $1 $18) 13... a6 {[%emt 0:01:57] [#]} 14. Ng5 $1 Bxg5 15. Bxg5 {[%emt 0:00:03] This bishop pair is nice.} Qc7 16. Qf6 $2 (16. Bxd7+ $14 {keeps the upper hand.} Nxd7 17. c3) 16... O-O $17 {[%emt 0:00:03] Black continues to play with concentration.} 17. Bxd7 Nxd7 18. Qf4 cxd4 19. Be7 (19. O-O-O $17) 19... Nxe5 $19 {[%emt 0:02:44] Hoping for ...Nd3+.} 20. Qg5 (20. O-O $142 Qxe7 21. Qxe5) 20... Rfe8 21. Bf6 {[%emt 0:01:46] White threatens Qh6 and mate.} Ng4 {[%emt 0:00:01] Inhibits Qh6. Threatens to win with ...Rac8.} 22. Bxd4 e5 23. Bc3 d4 24. Bd2 e4 {[%emt 0:00:17] Prevents f3.} 25. Bf4 Qc4 {[%emt 0:01:16] aiming for ...e3.} 26. Rd1 e3 27. fxe3 Nxe3 {[%emt 0:00:02] ( -> ...Ng4+)} 28. Rd2 Nf1+ (28... Ng4+ $142 29. Kd1 Qxa2) 29. Be5 Nxd2 30. Kxd2 Rac8 31. Rc1 Rc5 32. Ke1 {[%emt 0:01:53] Weighted Error Value: White=1.48/Black=0.46} 0-1

[Event "2nd Late Dr Abul K C Chess-ch A 2022"]
[Site "Dhaka"]
[Date "2022.07.05"]
[Round "4.6"]
[White "Manon, Reja Neer"]
[Black "abzid, Rahman"]
[Result "1-0"]
[ECO "B44"]
[WhiteElo "2089"]
[BlackElo "2036"]
[Annotator "TA"]
[PlyCount "53"]
[EventDate "2022.07.03"]
[EventCountry "BAN"]
[SourceTitle "playchess.com"]
[Source "ChessBase"]
[SourceQuality "1"]
[TimeControl "5400+30"]

1. e4 c5 2. Nf3 e6 3. d4 cxd4 4. Nxd4 Nc6 5. Nb5 d6 6. c4 a6 7. N5c3 Qc7 8. Be3 Nf6 9. Be2 Be7 10. O-O O-O 11. Nd2 {[%emt 0:00:30] B44: Sicilian: Taimanov: 5 Nb5.} b6 12. Rc1 Bb7 {[%emt 0:00:00] [#]} (12... Qb8 $14) 13. Nd5 $1 $16 {[%emt 0:05:08] White is better.} exd5 14. cxd5 {[%emt 0:00:02][%mdl 64] Discovered Attack} Qd7 15. dxc6 Bxc6 16. Nc4 $1 ({Resist} 16. Bxb6 $6 Nxe4 17. Nxe4 Bxe4 $14) 16... Bd8 {[%emt 0:00:00] [#]} (16... Qb7 $16) 17. Qxd6 $146 ({But not} 17. Nxb6 $6 Bxb6 18. Bxb6 Nxe4 $14) (17. Nxd6 $18 Nxe4 18. Bg4 $1 Qxd6 19. Qxd6 Nxd6 20. Rxc6) ({Predecessor:} 17. f3 Bb5 18. Nxb6 Bxb6 19. Bxb6 d5 20. e5 Qe6 21. Bd4 Nd7 22. f4 Rfc8 23. Bxb5 axb5 {0-1 (50) Goessling,G-Bengfort,W Germany 1997}) 17... Bxe4 {[%emt 0:00:00] [#]} 18. Qxd7 $1 {[%emt 0:15:00] White is more active.} Nxd7 19. Rfd1 {[%emt 0:00:23] Against Bd5} Ra7 {[%emt 0:00:00][%mdl 8192] This move loses the game for Black.} (19... Bf5 $16 {was worth a try.}) 20. Nd6 $18 Nf6 21. Nxe4 Nxe4 {[%emt 0:00:00] [#]} 22. Rxd8 $1 Rxd8 23. Bxb6 Rad7 24. Bxd8 Rxd8 25. Bxa6 Nd6 26. Bd3 g6 27. Kf1 {[%emt 0:00:13] Weighted Error Value: White=0.10 (very precise) /Black=0.60} 1-0

[Event "2nd Late Dr Abul K C Chess-ch A 2022"]
[Site "Dhaka"]
[Date "2022.07.06"]
[Round "5.1"]
[White "Rahman, Ziaur"]
[Black "Subrota, Biswas"]
[Result "1-0"]
[ECO "A07"]
[WhiteElo "2424"]
[BlackElo "2253"]
[Annotator "TA"]
[PlyCount "141"]
[EventDate "2022.07.03"]
[EventCountry "BAN"]
[SourceTitle "playchess.com"]
[Source "ChessBase"]
[SourceQuality "1"]
[TimeControl "5400+30"]

1. Nf3 d5 2. b3 Bf5 3. Bb2 e6 4. d3 h6 5. Nbd2 Nf6 6. g3 Be7 7. Bg2 O-O 8. O-O c6 9. Ne5 {[%emt 0:04:15] Recently 9.Re1 got a lot of attention.} a5 {[%emt 0:01:37] A07: Réti Opening: New York and Capablanca Systems.} 10. e4 Bh7 11. a3 Nbd7 {[%emt 0:00:32] The position is equal.} 12. Nxd7 Nxd7 13. Qe2 Bf6 14. e5 Be7 15. Kh1 b5 16. f4 {[%emt 0:05:40] [#]} Kh8 $146 ({Predecessor:} 16... a4 17. b4 c5 18. bxc5 Bxc5 19. Nf3 b4 {½-½ (19) Gelashvili,T (2576)-Ghaem Maghami,E (2584) Dubai 2006}) 17. Nf3 c5 18. Bc3 Qc7 19. g4 c4 (19... a4 $17) 20. bxc4 bxc4 21. d4 Be4 {[%emt 0:14:48] Against f5} (21... Nb6 $15) 22. Ne1 (22. Ng1 $5 ) 22... Bxg2+ (22... Bh7 $11 {keeps the balance.}) 23. Nxg2 $16 f6 24. f5 {[%emt 0:05:48] aiming for Nf4.} fxe5 25. dxe5 {[%emt 0:00:16] Nf4 is the strong threat.} Bc5 (25... Rf7 $16 {keeps fighting.}) 26. fxe6 (26. Nf4 $18) 26... Rxf1+ 27. Rxf1 Nf8 28. g5 Nxe6 (28... hxg5 $11 29. Qh5+ Nh7) 29. gxh6 {[%emt 0:01:07] Strongly threatening Nf4.} Rf8 {[%emt 0:00:03] Prevents Nf4.} 30. hxg7+ Qxg7 31. Rf6 $1 d4 (31... Rxf6 $142 32. exf6 Qf7) 32. Rxe6 dxc3 33. Qxc4 (33. h4 $16 {And now Qh5+ would win.} Rf5 34. Qe4 (34. Qxc4 $2 Qg3 $19)) 33... Rf2 $2 (33... Qd7 $11 {and Black is okay.} 34. Qh4+ Qh7 35. Qxh7+ Kxh7) 34. Re8+ $18 Kh7 $2 (34... Rf8) 35. Qh4+ $2 (35. Qe4+ Kh6 36. Re6+ Kg5 37. Qh4+ Kf5 38. Rf6+ Kxe5 39. Rxf2 Bxf2 40. Qxf2) 35... Kg6 36. Qg4+ Kh6 37. Re6+ $1 Kh7 {[%emt 0:00:00][%cal Rf2f1] [#]} 38. Qh4+ (38. Qe4+ $1 $18 {and the rest is easy.} Kh8 39. Re8+ Rf8 40. Ra8) 38... Kg8 $16 39. Re8+ Kf7 {[%emt 0:00:00][%csl Gf2][%cal Rg7g2] [#]} 40. Re7+ $1 Bxe7 41. Qxf2+ {[%emt 0:00:02][%mdl 4096] Endgame KQB-KQN} Ke6 (41... Ke8 $16 {was called for.}) 42. Qb6+ $18 Kxe5 (42... Kf5 $142 43. Qxa5 Qxe5 44. Ne3+ Kf4 45. Qxe5+ Kxe5) 43. Qxa5+ Ke4 44. Qa8+ Kd4 45. Qa7+ Kd5 46. Qd7+ Ke5 47. Qc7+ Kd5 48. Qd7+ $2 (48. Ne3+ $18 Ke4 49. Nd1) 48... Kc5 $2 (48... Ke5 $1 $11 {and Black stays safe.}) 49. Nf4 Qf7 50. Ne6+ (50. Qc7+ $18 Kb5 51. Qb7+ Kc5 52. Qb4+ Kc6 53. Qxc3+ Kb7 54. Qf3+ Kc8 55. Qa8+ Kd7 56. Qb7+ Kd8 57. Qb8+ Kd7 58. a4) 50... Kb6 $16 51. Qc7+ Ka6 52. Qc6+ Ka7 53. Qd7+ Kb6 $1 {[%emt 0:00:10][%cal Rf7f1] [#]} 54. Qd4+ $1 Kc6 55. Qe4+ (55. Qxc3+ Kd6 56. Qd4+ Kxe6 $11) 55... Kb6 (55... Kd7 $16 {might work better.} 56. Qd5+ Bd6 57. Nc5+ Ke7 58. Qe4+ Kd8) 56. Nf4 ({Don't do} 56. Qd4+ Kc6) (56. Kg2 $18) 56... Bxa3 57. Kg2 Bd6 58. Nd5+ ({White should play} 58. Qd4+ $16 Bc5 59. Nd5+ Kc6 60. Qa4+ (60. Qf6+ Qxf6 61. Nxf6 Bb4 $16) 60... Kd6 61. Qf4+ Qxf4 62. Nxf4) 58... Kc5 $2 {[%emt 0:04:27][%mdl 8192] This costs Black the game.} (58... Ka5 $14) 59. Qb4+ Kc6 60. Qb6+ Kd7 61. Qb7+ Ke6 62. Qxf7+ Kxf7 63. Nxc3 {[%emt 0:00:05] Ne4 would kill now. KB-KN} Ke6 64. h3 (64. Ne4 $142 Be7 65. Kf3 Ke5 66. Ng3 Bg5 67. Kg4 Bf4 68. h4 Be3 69. Nf5) 64... Ke5 65. Kf3 {[%emt 0:00:05] White mates.} Be7 66. Ne2 Bd8 67. Kg4 Ke4 68. h4 Ke3 {[%emt 0:00:00] [#]} 69. h5 $1 Kxe2 (69... Ke4 70. h6) 70. h6 Ke3 71. Kf5 {[%emt 0:00:11] Weighted Error Value: White=0.41/Black=0.51} ({Stronger than} 71. h7 Bf6 $11) 1-0

[Event "2nd Late Dr Abul K C Chess-ch A 2022"]
[Site "Dhaka"]
[Date "2022.07.06"]
[Round "5.2"]
[White "Masum, Hossain"]
[Black "Zia, Tahsin Tajwar"]
[Result "0-1"]
[ECO "D37"]
[WhiteElo "2100"]
[BlackElo "2307"]
[Annotator "TA"]
[PlyCount "110"]
[EventDate "2022.07.03"]
[EventCountry "BAN"]
[SourceTitle "playchess.com"]
[Source "ChessBase"]
[SourceQuality "1"]
[TimeControl "5400+30"]

1. d4 d5 2. c4 e6 3. Nc3 Nf6 4. Nf3 a6 5. cxd5 exd5 6. Bg5 {[%emt 0:00:18] D37: Queen's Gambit Declined: 5 Bf4.} Be6 7. Bxf6 Qxf6 8. Qb3 {[%emt 0:00:10] The position is equal.} Ra7 9. g3 (9. Nxd5 Qd8 10. e4 c6) 9... Qd8 {[%emt 0:06:31] 9...Bd6 gains popularity.} 10. Bg2 c6 11. O-O Nd7 {[%emt 0:00:29] [#]} 12. Rad1 $146 ({Predecessor:} 12. Qc2 Be7 13. Nd2 O-O 14. Nb3 Qc8 15. e3 Nf6 16. Rac1 Bf5 17. Qd2 Qd8 18. f3 {½-½ (63) Agdestein,S (2560)-Plenca,J (2463) Nova Gorica 2020}) 12... Be7 13. Ne1 O-O 14. Nd3 Qb6 15. Nf4 Qxb3 16. axb3 Bf5 17. Ncxd5 cxd5 $17 18. Nxd5 Bd8 19. e4 Be6 20. e5 Nb6 21. Ne3 Bxb3 22. Rd3 Ba4 23. Rc1 g6 24. f4 Bb5 25. Rd2 Na4 26. b3 Ba5 27. Rdc2 ({Avoid the trap} 27. Ra2 $2 Nc3 $1 28. Rd2 Ne2+ 29. Rxe2 Bxe2 $19) 27... Nb6 28. Rd1 Raa8 ({Black should try} 28... Rc8 $19 {...Rxc2 is the strong threat.} 29. Rc5 Rca8) 29. Bxb7 $15 Rab8 {[%emt 0:00:01] Black converts the advantage convincingly.} 30. Be4 ({White should play} 30. Bxa6 $1 $15 Bxa6 31. Ra2) 30... Rfc8 $17 31. Kf2 Rxc2+ 32. Nxc2 Rc8 33. b4 {[%emt 0:00:30] [#]} Na4 $1 {[%emt 0:00:07] And now ...Nc3 would win.} 34. bxa5 {[%emt 0:00:44] Hoping for Re1.} Nc3 $1 $36 {[%emt 0:20:29][%csl LRd1,LRe4][%mdl 2048] Black has strong initiative.} 35. Bf3 {[%emt 0:00:18] Threatens to win with Re1.} Nxd1+ 36. Bxd1 {[%emt 0:00:02][%mdl 4096] Endgame [#] KRB-KBN} Ba4 $1 {[%emt 0:00:00] Black is more active.} 37. Ne3 Bxd1 38. Nxd1 {[%emt 0:00:01] KR-KN} Rc1 39. Ne3 (39. Ke2 $17 {might work better.}) 39... Ra1 $19 40. g4 (40. Nc4 {was the only defense.} Ra4 41. Nb6 Rxd4 42. Ke3) 40... Ra4 41. d5 Rxf4+ 42. Ke2 Ra4 43. Kd3 Rxa5 44. g5 (44. d6 $142 Kf8 45. Ke4) 44... Kf8 45. Kd4 Ke7 46. Nc4 Ra2 47. Nd6 Rxh2 48. Nb7 Rb2 49. d6+ Kd7 50. Nc5+ Kc6 51. Nd3 {[%emt 0:05:09] Inhibits Rb4+.} Rb5 52. Kc4 a5 53. Kd4 a4 54. Kc4 a3 {[%emt 0:01:18] ( -> ...Rb1)} 55. d7 Rb8 {[%emt 0:00:30] Weighted Error Value: White=0.64/Black=0.08 (flawless)} 0-1